 Dungeon Crawl Stone Soup version 0.23.2-33-g5129a83184 (webtiles) character file.

Game seed: 8025302277554660127

40604 Exodus22XD the Severer (level 13, 0/119 HPs)
             Began as a Minotaur Fighter on June 30, 2019.
             Was an Elder of the Shining One.
             Slain by Snorg (4 damage)
             ... on level 6 of the Lair of Beasts.
             The game lasted 00:49:21 (17362 turns).

Exodus22XD the Severer (Minotaur Fighter)          Turns: 17362, Time: 00:49:28

Health: 0/119      AC: 24    Str: 26    XL:     13   Next: 75%
Magic:  17/17      EV: 18    Int:  5    God:    the Shining One [****..]
Gold:   1068       SH:  0    Dex: 15    Spells: 12/12 levels left

rFire    . . .     SeeInvis .   N - +0 battleaxe (protect)
rCold    + + .     Gourm    .   (shield currently unavailable)
rNeg     + + .     Faith    .   n - +0 ice dragon scales
rPois    .         Spirit   .   (helmet restricted)
rElec    .         Reflect  .   (no cloak)
rCorr    .         Harm     +   p - +0 pair of gloves
MR       +....                  l - +0 pair of boots
Stlth    +.........             i - amulet of harm
HPRegen  0.29/turn              K - ring of protection from magic
MPRegen  0.15/turn              R - ring of protection from fire

@: agile, about to teleport, protection aura, glowing
A: retaliatory headbutt, horns 2
a: Divine Shield, Cleansing Flame, Renounce Religion


You were on level 6 of the Lair of Beasts.
You worshipped the Shining One.
The Shining One was greatly pleased with you.
You were not hungry.

You visited 2 branches of the dungeon, and saw 16 of its levels.
You also visited: Sewer.

You collected 1068 gold pieces.

Inventory:

Hand Weapons
 z - a +1 antimagic dire flail
 I - a +1 war axe
 N - a +0 battleaxe of protection (weapon)
Armour
 c - a +0 shield
 l - a +0 pair of boots (worn)
 n - +0 ice dragon scales (worn)
 p - a +0 pair of gloves (worn)
 Q - the -4 pair of boots of Twilight {rC+ Slay+2}
   (You found it on level 1 of the Lair of Beasts)

   It affects your accuracy and damage with ranged weapons and melee attacks
   (+2).
   It protects you from cold.
Jewellery
 e - a cursed -2 ring of evasion {unknown}
 i - an amulet of harm (around neck)
 x - an uncursed ring of see invisible
 B - an uncursed amulet of the gourmand {unknown}
 K - a ring of protection from magic (left hand)
 O - an uncursed amulet of the acrobat {unknown}
 R - a ring of protection from fire (right hand)
Wands
 b - a wand of enslavement (14)
 o - a wand of paralysis (7)
 v - a wand of flame (26)
 L - a wand of acid (12)
 M - a wand of disintegration (23)
Scrolls
 g - 4 scrolls of immolation
 j - 3 scrolls of fog
 k - a scroll of vulnerability {unknown}
 r - 4 scrolls of remove curse
 y - 4 scrolls of magic mapping
 C - a scroll of holy word
 D - a scroll of acquirement {unknown}
 E - a scroll of fear {unknown}
 H - 2 scrolls of enchant weapon {unknown}
 J - a scroll of enchant armour {unknown}
 P - 7 scrolls of amnesia
 U - 2 scrolls of identify
Potions
 a - 2 potions of invisibility
 d - 4 potions of might
 h - 5 potions of curing
 m - a potion of lignification
 q - a potion of berserk rage
 s - 3 potions of haste
 t - 2 potions of mutation
 w - a potion of ambrosia {unknown}
 A - 2 potions of agility
 F - a potion of cancellation {unknown}
 G - a potion of flight {unknown}
 S - a potion of brilliance {unknown}
 T - 2 potions of magic {unknown}
Comestibles
 f - 23 rations


   Skills:
 - Level 12.4 Fighting
 - Level 17.8 Axes
 - Level 12.3 Armour
 - Level 5.5 Dodging
 - Level 0.6 Stealth
 - Level 9.0 Shields
 + Level 7.2 Invocations


You had 12 spell levels left.
You didn't know any spells.
Your spell library contained the following spells:

 Spells                   Type           Power        Failure   Level  Hunger
 Animate Skeleton         Necr           N/A          75%         1    ##.....
 Apportation              Tloc           #.....       75%         1    ##.....
 Beastly Appendage        Tmut           #.....       75%         1    ##.....
 Confusing Touch          Hex            #.....       75%         1    ##.....
 Corona                   Hex            #......      75%         1    ##.....
 Pain                     Necr           #...         75%         1    ##.....
 Summon Small Mammal      Summ           #...         75%         1    ##.....
 Corpse Rot               Necr           N/A          86%         2    ###....
 Ensorcelled Hibernation  Hex/Ice        #.....       86%         2    ###....
 Sticks to Snakes         Tmut           #.......     86%         2    ###....
 Confuse                  Hex            #.......     98%         3    ####...
 Dazzling Spray           Conj/Hex       #.....       98%         3    ####...
 Regeneration             Chrm/Necr      #.........   98%         3    ####...
 Spider Form              Tmut/Pois      #.........   98%         3    ####...
 Tukima's Dance           Hex            #.......     98%         3    ####...
 Vampiric Draining        Necr           #.........   98%         3    ####...
 Animate Dead             Necr           N/A          100%        4    #####..
 Cause Fear               Hex            #.........   100%        4    #####..
 Ice Form                 Ice/Tmut       #.......     100%        4    #####..
 Summon Lightning Spire   Summ/Air       #.......     100%        4    #####..
 Agony                    Necr           #.......     100%        5    ######.
 Blade Hands              Tmut           #.........   100%        5    ######.
 Excruciating Wounds      Chrm/Necr      #.........   100%        5    ######.
 Silence                  Hex/Air        #.........   100%        5    ######.
 Yara's Violent Unravell  Hex/Tmut       #.........   100%        5    ######.
 Conjure Ball Lightning   Conj/Air       #.........   100%        6    #######
 Deflect Missiles         Chrm/Air       #.........   100%        6    #######
 Discord                  Hex            #.........   100%        8    #######
 Tornado                  Air            #.........   100%        9    #######


Dungeon Overview and Level Annotations

Branches:
Dungeon (10/15)            Temple (0/1) D:5            Lair (6/6) D:10
  Swamp (0/4) Lair:3        Snake (0/4) Lair:3          Orc (0/2) D:9
  Slime: Lair:5-6

Altars:
Cheibriados
Dithmenos
Elyvilon
Hepliaklqana
Makhleb
Nemelex Xobeh
Okawaru
Xom
The Shining One
Jiyva

Shops:
D:8 =

Annotations:
D:4 1 runed translucent door, Thargor's ghost, amateur GnWn
Lair:5 1 runed translucent door, Darubir's ghost, journeyman CeAM
Lair:6 1 runed translucent door, Snorg


Innate Abilities, Weirdness & Mutations

You reflexively headbutt those who attack you in melee.
You have a pair of horns on your head.


Message History

The elephant trunk-slaps you but does no damage.
You slice the elephant!!
You kill the elephant!
You hit the bush but do no damage. You slash Snorg! Snorg bites you!
Snorg closely misses you. Snorg misses you. Snorg misses you.
Snorg claws you but does no damage. Snorg claws you!
* * * LOW HITPOINT WARNING * * *
As you read the scroll of teleportation, it crumbles to dust.
You feel strangely unstable. Snorg barely misses you. Snorg claws you!
* * * LOW HITPOINT WARNING * * *
Snorg claws you but does no damage.
The elephant tramples you but does no damage.
The elephant closely misses you.
You feel agile all of a sudden. Snorg bites you!
* * * LOW HITPOINT WARNING * * *
Snorg claws you.
* * * LOW HITPOINT WARNING * * *
Snorg claws you.
You die...

........ ......# ......#
.....# #....# .# #....# ..##
##....# ###..## #TP..##
.#.....##@†P## _+......#Y###
J#........Y####### ##
####........#..#PPP. ... ###
..........<......PP. ....#..
.................... #......
............................
............................
.........#..................


You could see Snorg (berserk) and 2 elephants.

Vanquished Creatures
  6 hydras
  A two-headed ogre (D:8)
  8 death yaks
  2 oklob plants
  Pikel (D:8)
  4 black mambas
  14 elephants
  A centaur zombie (D:10)
  6 spiny frogs
  6 rime drakes
  5 komodo dragons
  A troll (D:10)
  A bog body (Lair:3)
  A polar bear (Lair:3)
  Prince Ribbit (D:8)
  3 hippogriffs
  9 blink frogs
  3 wyverns
  34 yaks
  3 basilisks
  5 nagas (Lair:3)
  Edmund (D:6)
  10 water moccasins
  9 porcupines
  Purgy (Sewer)
  2 orc warriors (D:9)
  An ice beast (D:6)
  3 slaves (D:8)
  A swamp drake (D:9)
  A black bear (D:8)
  2 necrophages (D:10)
  A phantom (D:8)
  30 wolves
  A centaur (D:8)
  2 ogres
  10 crocodiles
  A big kobold (D:7)
  Blork the orc (D:4)
  7 bullfrogs
  A gnoll sergeant (D:7)
  5 scorpions
  19 killer bees
  5 wights (D:8)
  2 howler monkeys
  4 crimson imps
  5 hounds
  A quasit (D:7)
  A bullfrog skeleton (D:4)
  6 orc priests
  4 jellies
  Jessica (D:2)
  3 orc wizards
  4 iguanas
  7 worker ants
  A hound skeleton (D:5)
  A howler monkey zombie (D:7)
  8 gnolls
  12 adders
  A howler monkey skeleton (D:9)
  2 shadow imps (D:8)
  3 oozes
  An adder zombie (D:5)
  An adder skeleton (D:4)
  2 worms (D:3)
  4 dart slugs
  10 leopard geckos
  35 orcs
  2 ball pythons
  14 bats
  7 giant cockroaches
  8 hobgoblins
  9 jackals
  4 quokkas
  10 frilled lizards
  9 goblins
  A jackal zombie (D:6)
  5 kobolds
  A leopard gecko skeleton (D:4)
  A quokka skeleton (D:6)
  10 rats
  3 fungi
  4 plants
436 creatures vanquished.

Vanquished Creatures (others)
  2 fungi
  4 plants
6 creatures vanquished.

Grand Total: 442 creatures vanquished

Notes
Turn   | Place    | Note
-------+----------+-------------------------------------------
     0 | D:1      | Exodus22XD the Minotaur Fighter began the quest for the
                  | Orb.
     0 | D:1      | Reached XP level 1. HP: 19/19 MP: 0/0
     3 | D:1      | Noticed an electric eel
     3 | D:1      | Noticed an electric eel
   126 | D:1      | Reached XP level 2. HP: 24/27 MP: 1/1
   269 | D:1      | Found a glowing golden altar of the Shining One.
   298 | D:1      | Became a worshipper of the Shining One
   719 | D:2      | Reached XP level 3. HP: 33/33 MP: 2/2
   761 | D:2      | Reached skill level 3 in Axes
   767 | D:2      | Found an iron altar of Okawaru.
   767 | D:2      | Found a white marble altar of Elyvilon.
   767 | D:2      | Found a hazy altar of Hepliaklqana.
   822 | D:2      | Reached XP level 4. HP: 40/41 MP: 3/3
   962 | D:2      | Reached skill level 4 in Axes
   964 | D:2      | Reached XP level 5. HP: 39/47 MP: 4/4
  1148 | D:2      | Found a sparkling altar of Nemelex Xobeh.
  1234 | D:2      | Noticed Jessica
  1237 | D:2      | Killed Jessica
  1341 | D:3      | Found a glowing drain.
  1368 | Sewer    | Entered a sewer
  1451 | Sewer    | Noticed Purgy
  1458 | Sewer    | Killed Purgy
  1458 | Sewer    | Reached skill level 5 in Axes
  1458 | Sewer    | Reached skill level 1 in Dodging
  1458 | Sewer    | Reached skill level 5 in Shields
  1458 | Sewer    | Reached XP level 6. HP: 54/55 MP: 5/5
  1553 | D:3      | Found a snail-covered altar of Cheibriados.
  1690 | D:3      | Reached * piety under the Shining One
  1977 | D:3      | Reached skill level 5 in Fighting
  2049 | D:3      | Found a burning altar of Makhleb.
  2051 | D:3      | Reached skill level 5 in Armour
  2319 | D:4      | Found a runed translucent door.
  2320 | D:4      | Noticed Thargor's ghost (amateur GnWn)
  2633 | D:4      | Noticed Blork the orc
  2637 | D:4      | Reached skill level 6 in Axes
  2637 | D:4      | Reached XP level 7. HP: 61/61 MP: 6/6
  2642 | D:4      | Killed Blork the orc
  2760 | D:4      | You fall through a shaft!
  2760 | D:5      | Entered Level 5 of the Dungeon
  2774 | D:5      | Reached skill level 7 in Axes
  2946 | D:5      | Reached ** piety under the Shining One
  2953 | D:5      | Found a staircase to the Ecumenical Temple.
  3601 | D:6      | Reached skill level 8 in Axes
  3601 | D:6      | Reached XP level 8. HP: 70/70 MP: 7/7
  3707 | D:6      | Noticed Edmund
  3721 | D:6      | Killed Edmund
  4014 | D:7      | Reached skill level 9 in Axes
  4515 | D:7      | Found a shadowy altar of Dithmenos.
  4524 | D:7      | Reached XP level 9. HP: 53/78 MP: 8/8
  5052 | D:8      | Noticed Prince Ribbit
  5062 | D:8      | Killed Prince Ribbit
  5062 | D:8      | Reached skill level 10 in Axes
  5105 | D:8      | Found Ybbe Rus's Jewellery Emporium.
  5139 | D:8      | Reached *** piety under the Shining One
  5182 | D:8      | Noticed a two-headed ogre
  5632 | D:8      | Killed a two-headed ogre
  5808 | D:8      | Noticed Pikel
  5814 | D:8      | Reached XP level 10. HP: 77/86 MP: 12/12
  5830 | D:8      | Killed Pikel
  5830 | D:8      | Reached skill level 11 in Axes
  6023 | D:8      | Identified Vaxorcha's Compendium of Black Secrets
  6683 | D:9      | HP: 4/88 [orc warrior/+0 glaive (6)]
  6691 | D:9      | Found a staircase to the Orcish Mines.
  7177 | D:10     | Entered Level 10 of the Dungeon
  7243 | D:10     | Found a staircase to the Lair.
  7367 | D:10     | Reached skill level 12 in Axes
  7576 | D:10     | Reached **** piety under the Shining One
  7717 | Lair:1   | Entered Level 1 of the Lair of Beasts
  7857 | Lair:1   | Noticed a black mamba
  7866 | Lair:1   | Killed a black mamba
  7866 | Lair:1   | Reached XP level 11. HP: 18/95 MP: 13/13
  8318 | Lair:1   | Reached skill level 13 in Axes
  8321 | Lair:1   | Got a pair of scorched boots
  8342 | Lair:1   | Identified the -4 pair of boots of Twilight {rC+ Slay+2}
                  | (You found it on level 1 of the Lair of Beasts)
  9263 | Lair:2   | Noticed a seven-headed hydra
  9277 | Lair:2   | Killed a seven-headed hydra
 10581 | Lair:3   | Reached skill level 14 in Axes
 10829 | Lair:3   | Found a staircase to the Snake Pit.
 10859 | Lair:3   | Reached skill level 10 in Armour
 11402 | Lair:3   | Reached skill level 10 in Fighting
 11783 | Lair:3   | Noticed a seven-headed hydra
 11794 | Lair:3   | Killed a seven-headed hydra
 12182 | Lair:3   | Reached XP level 12. HP: 93/106 MP: 4/14
 12285 | Lair:3   | Found a staircase to the Swamp.
 12321 | Lair:3   | Reached skill level 15 in Axes
 13263 | Lair:4   | Noticed a four-headed hydra
 13267 | Lair:4   | Killed a four-headed hydra
 13997 | Lair:5   | Reached skill level 5 in Dodging
 14001 | Lair:5   | Noticed a death yak
 14002 | Lair:5   | Noticed a death yak
 14004 | Lair:5   | Noticed a death yak
 14005 | Lair:5   | Noticed a death yak
 14351 | Lair:5   | Reached skill level 16 in Axes
 14416 | Lair:4   | HP: 3/110 [porcupine (8)]
 14423 | Lair:4   | HP: 2/110 [poisoned by a spiny frog]
 14431 | Lair:4   | HP: 2/110 [poisoned by a spiny frog]
 14891 | Lair:4   | Killed a death yak
 14892 | Lair:4   | Killed a death yak
 15058 | Lair:5   | Killed a death yak
 15460 | Lair:4   | Killed a death yak
 15554 | Lair:5   | Noticed a seven-headed hydra
 15572 | Lair:5   | Killed a seven-headed hydra
 15778 | Lair:5   | Noticed a five-headed hydra
 15790 | Lair:5   | Killed a five-headed hydra
 15790 | Lair:5   | Reached XP level 13. HP: 99/116 MP: 5/15
 15988 | Lair:5   | Reached skill level 17 in Axes
 15997 | Lair:5   | Found a runed translucent door.
 16003 | Lair:5   | Found a shimmering altar of Xom.
 16003 | Lair:5   | Noticed Darubir's ghost (journeyman CeAM)
 16954 | Lair:6   | Entered Level 6 of the Lair of Beasts
 17277 | Lair:6   | Reached skill level 5 in Invocations
 17342 | Lair:6   | Found a runed translucent door.
 17343 | Lair:6   | Found a viscous altar of Jiyva.
 17350 | Lair:6   | Noticed Snorg
 17362 | Lair:6   | HP: 4/119 [Snorg (6)]
 17362 | Lair:6   | Slain by Snorg

Skill      XL: |  1  2  3  4  5  6  7  8  9 10 11 12 13 |
---------------+----------------------------------------+-----
Fighting       | 4 5 6 7 8 10 11 12 | 12.4
Armour         | 4 5 6 7 8 10 11 12 | 12.3
Shields        | 4 5 6 8 9 |  9.0
Axes           | 3 4 5 6 8 9 10 12 14 16 17 | 17.8
Dodging        | 1 2 3 4 5 |  5.5
Invocations    | 4 7 |  7.2
Stealth        | |  0.6

Action                   |  1- 3 |  4- 6 |  7- 9 | 10-12 | 13-15 || total
-------------------------+-------+-------+-------+-------+-------++-------
Melee: War axe           |    70 |   128 |   198 |   117 |       ||   513
       Headbutt          |    14 |    14 |    38 |    68 |    41 ||   175
       Battleaxe         |       |       |       |   247 |   137 ||   384
       Dire flail        |       |       |       |    35 |     4 ||    39
Invok: Divine Shield     |       |       |       |     1 |       ||     1
  Use: Scroll            |       |     3 |     5 |    14 |     1 ||    23
       Potion            |       |       |     1 |     3 |     1 ||     5
  Eat: Chunk             |       |     3 |     5 |     1 |       ||     9
       Ration            |       |     1 |     2 |     8 |     2 ||    13
Armor: Scale mail        |    43 |    39 |       |       |       ||    82
       Plate armour      |       |    19 |     4 |       |       ||    23
       Ice dragon scales |       |       |   102 |   174 |    84 ||   360
Dodge: Dodged            |    27 |    30 |    86 |   259 |    82 ||   484
Block: Shield            |    36 |    57 |   129 |    54 |       ||   276
       Other             |       |       |       |     7 |       ||     7
